 Dungeon Crawl Stone Soup version 0.23.2 (webtiles) character file.

Game seed: 15365886014982036453

77 Illumine the Chopper (level 4, 0/39 HPs)
             Began as a Minotaur Fighter on Oct 10, 2019.
             Slain by a wight
             ... wielding a cursed +1 halberd
              (3 damage)
             ... on level 4 of the Dungeon.
             The game lasted 00:01:05 (915 turns).

Illumine the Chopper (Minotaur Fighter)              Turns: 915, Time: 00:01:06

Health: 0/39       AC: 10    Str: 22    XL:     4   Next: 13%
Magic:  3/3        EV:  5    Int:  5    God:
Gold:   100        SH:  9    Dex:  9    Spells: 3/3 levels left

rFire    . . .     SeeInvis .   a - +0 war axe
rCold    . . .     Gourm    .   c - +0 shield
rNeg     . . .     Faith    .   p - +0 chain mail
rPois    +         Spirit   .   (helmet restricted)
rElec    .         Reflect  .   j - +0 cloak
rCorr    .         Harm     .   (no gloves)
MR       .....                  (no boots)
Stlth    ..........             o - amulet of rage
HPRegen  0.13/turn              s - ring of poison resistance
MPRegen  0.08/turn              (no ring)

@: heavily drained
A: retaliatory headbutt, horns 2
a: Evoke Berserk Rage


You were on level 4 of the Dungeon.
You were not hungry.

You visited 1 branch of the dungeon, and saw 5 of its levels.

You collected 100 gold pieces.

Inventory:

Hand Weapons
 a - a +0 war axe (weapon)
Armour
 c - a +0 shield (worn)
 j - a +0 cloak (worn)
 p - a +0 chain mail (worn)
Jewellery
 o - an amulet of rage (around neck)
 s - a ring of poison resistance (left hand)
Scrolls
 b - a scroll of enchant armour {unknown}
 g - a scroll of teleportation {unknown}
 q - a scroll of blinking {unknown}
 r - a scroll of enchant weapon {unknown}
Potions
 d - 2 potions of might
 h - a potion of cancellation {unknown}
 i - 2 potions of curing {unknown}
 l - 3 potions of flight {unknown}
 m - a potion of heal wounds {unknown}
 n - a potion of lignification {unknown}
Comestibles
 f - 3 rations


   Skills:
 - Level 3.6(2.4) Fighting
 * Level 4.6(3.4) Axes
 - Level 3.6(2.4) Armour
 + Level 4.5(3.4) Shields


You had 3 spell levels left.
You didn't know any spells.
Your spell library contained the following spells:

 Spells                   Type           Power        Failure   Level  Hunger
 Beastly Appendage        Tmut           #.....       100%        1    ##.....
 Sticks to Snakes         Tmut           #.......     100%        2    ###....
 Spider Form              Tmut/Pois      #.........   100%        3    ####...
 Ice Form                 Ice/Tmut       #.......     100%        4    #####..
 Blade Hands              Tmut           #.........   100%        5    ######.


Dungeon Overview and Level Annotations

Branches:
Dungeon (5/15)
 Temple: D:4-7

Altars:


Innate Abilities, Weirdness & Mutations

You reflexively headbutt those who attack you in melee.
You have a pair of horns on your head.


Message History

You barely miss the wight. You hit the wight. You block the wight's attack.
The wight hits you but does no damage.
The wight hits you with a cursed -1 dire flail!
You hit the wight. Your headbutt misses the wight.
The wight is lightly damaged.
Your chain mail prevents you from hitting the wight.
The wight hits you but does no damage. You block the wight's attack.
You hit the wight.
The wight is moderately damaged.
You hit the wight but do no damage. The wight hits you but does no damage.
The wight hits you with a cursed -1 dire flail!
* * * LOW HITPOINT WARNING * * *
You feel drained.
You hit the wight but do no damage.
The wight is severely damaged.
You hit the wight.
The wight hits you with a cursed +1 halberd.
* * * LOW HITPOINT WARNING * * *
You feel drained.
You die...

###....########.....###
......##.......#######
####..##.#####.#
#..##.# ##.....#
#...#### #.#####
#...)z# #####@# #z# #.#
#.. ###


You could see 2 wights.

Vanquished Creatures
  A wight (D:4)
  An adder (D:2)
  A dart slug (D:1)
  An orc (D:5)
  2 giant cockroaches (D:1)
  4 goblins
  3 bats
  3 frilled lizards
  6 kobolds (D:1)
  A rat (D:1)
23 creatures vanquished.

Notes
Turn   | Place    | Note
-------+----------+-------------------------------------------
     0 | D:1      | Illumine the Minotaur Fighter began the quest for the Orb.
     0 | D:1      | Reached XP level 1. HP: 19/19 MP: 0/0
   104 | D:1      | Reached XP level 2. HP: 22/26 MP: 1/1
   730 | D:2      | Reached XP level 3. HP: 31/31 MP: 2/2
   823 | D:3      | You fall through a shaft for 2 floors!
   823 | D:5      | Entered Level 5 of the Dungeon
   908 | D:4      | Reached XP level 4. HP: 39/39 MP: 3/3
   915 | D:4      | Slain by a wight

Skill      XL: |  1  2  3 |
---------------+----------+-----
Axes           | 3 4 |  4.6
Shields        | 4 |  4.5
Fighting       | |  3.6
Armour         | |  3.6

Action                   |  1- 3 |  4- 6 || total
-------------------------+-------+-------++-------
Melee: War axe           |    75 |     5 ||    80
       Headbutt          |     9 |       ||     9
  Use: Scroll            |     2 |       ||     2
Armor: Scale mail        |    18 |       ||    18
       Chain mail        |    19 |     4 ||    23
Dodge: Dodged            |    21 |       ||    21
Block: Shield            |    38 |     4 ||    42
